 Dungeon Crawl Stone Soup version 0.32-a0-898-g7811c86cf0 (webtiles) character file.

Game seed: 6086926699253681560

29790 Autsider the Geomancer (level 13, -10/78 HPs)
             Began as a Gargoyle Earth Elementalist on Apr 4, 2024.
             Was an Initiate of Gozag.
             Killed by the air
             ... invoked by a wind drake
              (19 damage)
             ... on level 5 of the Lair of Beasts.
             The game lasted 01:04:54 (17280 turns).

Autsider the Geomancer (GrEE)                      Turns: 17280, Time: 01:04:54

Health: -10/78     AC: 28    Str: 12    XL:     13   Next: 47%
Magic:  2/22       EV:  9    Int: 27    God:    Gozag
Gold:   894        SH:  7    Dex: 10    Spells: 4/25 levels left

rFire   . . .        h - +2 short sword (venom)
rCold   . . .        D - +2 buckler {AC+3}
rNeg    + . .        i - +2 scale mail {Will+}
rPois   ∞            H - +0 helmet
rElec   +            s - +0 cloak
rCorr   .            E - +0 pair of gloves
SInv    .            z - +0 pair of boots of Wu Jian, Nurturing {rPois Will+}
Will    ++...        (no amulet) Stlth
                     a - ring of wizardry
HPRegen 0.33/turn    r - +6 ring of intelligence
MPRegen 0.18/turn

%: wizardry (x1)
@: studying Shields, invisible
A: sickness immunity, AC +9, negative energy resistance 1, electricity
resistance, torment resistance 1, petrification resistance
a: Renounce Religion, Potion Petition, Call Merchant, Bribe Branch


You were on level 5 of the Lair of Beasts.
You worshipped Gozag.
Gozag was pleased with you.
You visited 2 branches of the dungeon, and saw 16 of its levels.
You also visited: Bailey.

You collected 2889 gold pieces.
You spent 1508 gold pieces at shops.
You paid 487 gold pieces to Gozag.

Inventory:

Hand Weapons
 e - a +0 mace of protection
 h - a +2 short sword of venom (weapon)
 p - a +4 whip
 B - a +2 hammer of protection
 I - a +2 dagger of venom
 M - a +1 halberd of electrocution
Missiles
 q - 2 silver javelins
Armour
 i - a +2 scale mail of willpower (worn)
 s - a +0 cloak (worn)
 v - a +0 leather armour of cold resistance
 z - the +0 pair of boots of Wu Jian, Nurturing (worn) {rPois Will+}
   (You bought it in a shop on level 6 of the Dungeon)

   rPois:     It protects you from poison.
   Will+:     It increases your willpower.
 D - a +2 buckler of protection (worn)
 E - a +0 pair of gloves (worn)
 H - a +0 helmet (worn)
Magical Staves
 C - a staff of fire
Jewellery
 a - a ring of wizardry (left hand)
 n - a ring of resist corrosion
 r - a +6 ring of intelligence (right hand)
 N - a ring of willpower
Wands
 o - a wand of polymorph (12)
 w - a wand of flame (21)
 y - a wand of roots (13)
Scrolls
 d - 3 scrolls of teleportation {@r2}
 f - 2 scrolls of fear
 j - a scroll of immolation
 k - 2 scrolls of vulnerability
 l - 3 scrolls of fog
 O - 2 scrolls of amnesia
Potions
 b - a potion of haste
 c - 3 potions of invisibility
 g - 3 potions of mutation
 m - 3 potions of brilliance
 u - a potion of degeneration
 x - 3 potions of cancellation
 A - 3 potions of enlightenment
 J - 6 potions of might
 L - a potion of resistance


   Skills:
 - Level 8.0 Fighting
 - Level 8.0 Armour
 - Level 6.0 Dodging
 - Level 2.1 Stealth
 - Level 8.0 Shields
 + Level 6.6 Spellcasting
 + Level 6.8 Conjurations
 + Level 6.6 Summonings
 - Level 2.3 Ice Magic
 - Level 4.0 Air Magic
 - Level 14.0 Earth Magic
 - Level 4.0 Alchemy


You had 4 spell levels left.
You knew the following spells:

 Your Spells              Type           Power      Damage    Failure   Level
a - Sandblast             Erth           100%       2d20      1%          1
b - Stone Arrow           Conj/Erth      100%       3d13      1%          3
c - Lee's Rapid Deconstr  Erth           35%        3d18*     1%          5
e - Petrify               Alch/Erth      55%        N/A       3%          4
A - Animate Armour        Summ/Erth      100%       N/A       1%          4
B - Summon Lightning Spi  Summ/Air       37%        N/A       16%         4

Your spell library contained the following spells:

 Spells                   Type           Power      Damage    Failure   Level
 Passwall                 Erth           71%        N/A       1%          3
 Brom's Barrelling Bould  Conj/Erth      60%        2d8       1%          4
 Jinxbite                 Hex            16%        N/A       21%         2
 Yara's Violent Unravell  Hex/Alch       9%         3d6       82%         5
 Enfeeble                 Hex            4%         N/A       100%        7
 Lehudib's Crystal Spear  Conj/Erth      30%        10d8      100%        8


Dungeon Overview and Level Annotations

Branches:
Dungeon (11/15)            Temple (0/1) D:5            Lair (5/5) D:10
  Swamp (0/4) Lair:2       Spider (0/4) Lair:2          Orc (0/2) D:11
 Bailey (visited)
  Slime: Lair:4-5

Altars:
Ashenzari
Cheibriados
Elyvilon
Fedhas
Gozag
Hepliaklqana
Kikubaaqudgha
Makhleb
Qazlal
Sif Muna
Vehumet
Beogh

Shops:
D:4 (   D:5 (   D:6 :::*[   D:10 (

Annotations:
D:3 exclusion: downstairs
D:4 3 runed translucent doors, Lanoc's ghost, amateur CoHu
D:5 exclusion: downstairs
D:6 exclusion: downstairs
Lair:2 exclusion: 2 downstairs
Lair:3 Nergalle
Lair:4 exclusion: upstairs


Innate Abilities, Weirdness & Mutations

You are immune to sickness and miasma.
Your stone body is resilient. (AC +9)
You are immune to poison.
You resist negative energy. (rN+)
You are resistant to electric shocks. (rElec)
You are resistant to unholy torment.
You are immune to petrification.


Message History

Confirm with . or Enter, or press ? or * to list all spells.
You don't have enough magic to cast this spell.
Casting: Sandblast (safe; 1% risk of failure)
Confirm with . or Enter, or press ? or * to list all spells.
Aiming: Sandblast (safe; 1% risk of failure)
Press: ? - help, Shift-Dir - straight line, f - hornet
Aim: a hornet (78% to hit)
The blast of sand hits the hornet!
The hornet is moderately wounded.
The hornet stings you but does no damage.
The hornet stings you.
* * * LOW HITPOINT WARNING * * *
The wind drake bites you but does no damage.
The elephant tramples you but does no damage.
The elephant trunk-slaps you.
* * * LOW HITPOINT WARNING * * *
Casting: Sandblast (safe; 1% risk of failure)
Confirm with . or Enter, or press ? or * to list all spells.
Aiming: Sandblast (safe; 1% risk of failure)
Press: ? - help, Shift-Dir - straight line, f/p - hornet
Aim: a hornet (moderately wounded, 78% to hit)
The blast of sand hits the hornet!
The hornet is almost dead.
The hornet stings you!
* * * LOW HITPOINT WARNING * * *
You block the wind drake's attack. You block the hornet's attack.
The elephant tramples you.
* * * LOW HITPOINT WARNING * * *
You stumble backwards!
The wind drake exhales a fierce blast of wind!
The hornet is knocked back by the gust of wind.
You are knocked back by the gust of wind.
The elephant is knocked back by the gust of wind.
You hear an angry hiss. x2
Okay, then.
You fade into invisibility!
You block the wind drake's attack. The wind drake flaps its wings at you.
You die...
Your body crumbles into a pile of gold.

~~~~~##~~*#~~##~..........PP..,,,
~~*~~#~~~~#~~~#~~P..#..#.PP...*,,
,~~~....~.~~~~~..#...P..#..P..,*,
,,,,..........!.$<............,,,
,,,,..................$.......,,,
,,,,.###..####.P....##.#.#####*,,
,,,**,*###*#,#.##...P###.#*****,,
,,****,,,..#..#.#k..Y#..#...,*,,,
,,,,,,,,,.......@...........,,,,,
,,,,,,,,,...................,,,,,
*,*,*,,,,..##..#..#.#.......,,,,,
*****,,,*.##.#####.##.......,,,,,
******,,**#.***,*#.#,.......,,,,,
*,,,**,,,*#,,*,*,P.#,.......,,,,,
,,,,,,,,,,,,,,,,....,.......,,,,,
,,,,,,,,,,,,,,,.....,.......,,,,,
*,,,,,*,,*,,,,,*,*,,,**,,*,,**,,,


You could see an elephant (unable to see you) and a wind drake (repels missiles,
unable to see you).

Vanquished Creatures
  A hydra (Lair:2)
  A two-headed ogre (D:9)
  8 death yaks
  2 skysharks
  An orc knight (Bailey)
  2 elephants
  A black mamba (Lair:2)
  Jeremiah (D:6)
  10 cane toads
  4 komodo dragons
  2 rime drakes
  A hornet (D:8)
  5 polar bears
  Prince Ribbit (D:6)
  A nameless horror (D:6)
  3 blink frogs
  18 yaks
  2 basilisks
  3 wyverns
  2 unseen horror simulacra (D:9)
  3 vampire mosquitoes
  2 steam dragons
  An acid dragon (D:10)
  5 water moccasins
  3 orc warriors
  A sky beast (D:7)
  2 ice beasts (D:5)
  A black bear (Lair:2)
  An ogre (D:4)
  6 wolves
  2 centaurs
  A phantom (D:5)
  16 bullfrogs
  8 scorpions
  A gnoll sergeant (D:8)
  A burial acolyte (D:9)
  5 wights (D:6)
  5 killer bees
  2 electric eels
  A howler monkey (D:5)
  4 hounds
  6 orc priests
  2 sleepcaps
  Ijyb (D:4)
  2 iguanas
  8 orc wizards
  Natasha (thrice) (D:3)
  19 gnolls
  8 adders
  8 river rats (D:5)
  A shadow imp (D:5)
  7 white imps
  2 ufetubi (D:6)
  2 adder zombies (D:9)
  3 dart slugs
  3 ribbon worms
  48 orcs
  5 ball pythons
  3 endoplasms
  5 giant cockroaches
  11 goblins
  10 hobgoblins
  12 jackals
  4 kobolds
  5 quokkas
  8 bats
  6 frilled lizards
  A jackal zombie (D:9)
  22 rats
355 creatures vanquished.

Vanquished Creatures (collateral kills)
  2 catoblepae (Lair:2)
  2 death yaks
  An elephant (Lair:4)
  2 cane toads
  A rime drake (Lair:2)
  3 komodo dragons (Lair:2)
  A troll (D:10)
  A yak (Lair:3)
  A water moccasin (Lair:2)
  A black bear (Lair:1)
  3 bullfrogs
  A scorpion (Lair:2)
  Crazy Yiuf (D:6)
20 creatures vanquished.

Grand Total: 375 creatures vanquished

Notes
Turn   | Place    | Note
-------+----------+-------------------------------------------
     0 | D:1      | Autsider the Gargoyle Earth Elementalist began the quest
                  | for the Orb.
     0 | D:1      | Reached XP level 1. HP: 10/10 MP: 3/3
    85 | D:1      | Reached skill level 4 in Earth Magic
   143 | D:1      | Reached XP level 2. HP: 15/15 MP: 3/5
   601 | D:1      | Reached XP level 3. HP: 19/19 MP: 4/6
  1110 | D:2      | Found a faded altar of an unknown god.
  1178 | D:2      | Learned a level 3 spell: Stone Arrow
  1300 | D:2      | Found a burning altar of Makhleb.
  1490 | D:2      | Reached XP level 4. HP: 20/24 MP: 0/7
  1654 | D:2      | Reached skill level 5 in Earth Magic
  1701 | D:2      | You fall into a shaft and drop 2 floors!
  1712 | D:4      | Noticed a scorpion
  1729 | D:4      | Killed a scorpion
  1730 | D:4      | Reached skill level 1 in Fighting
  1730 | D:4      | Reached XP level 5. HP: 4/29 MP: 1/8
  2002 | D:4      | Noticed an ogre
  2007 | D:4      | Killed an ogre
  2061 | D:4      | Reached XP level 6. HP: 28/35 MP: 6/9
  2071 | D:4      | Reached skill level 6 in Earth Magic
  2243 | D:4      | Found Pedweah's Weapon Shoppe.
  2250 | D:4      | Noticed Ijyb
  2258 | D:4      | Killed Ijyb
  2394 | D:3      | Noticed Natasha
  2483 | D:3      | Killed Natasha
  2496 | D:3      | Noticed Natasha
  2500 | D:3      | Killed Natasha
  2501 | D:3      | Reached XP level 7. HP: 40/40 MP: 8/11
  2591 | D:3      | Noticed Natasha
  2597 | D:3      | Killed Natasha
  2757 | D:3      | Found an opulent altar of Gozag.
  2789 | D:3      | Became a worshipper of Gozag Ym Sagoz the Greedy
  3102 | D:4      | Reached skill level 7 in Earth Magic
  3190 | D:4      | Found a runed translucent gate.
  3191 | D:4      | Found a runed translucent gate.
  3191 | D:4      | Found a runed translucent gate.
  3191 | D:4      | Noticed Lanoc's ghost (amateur CoHu)
  3523 | D:4      | Found a roughly hewn altar of Beogh.
  3586 | D:5      | Entered Level 5 of the Dungeon
  3700 | D:5      | Found Hyasats's Weapon Emporium.
  3856 | D:5      | Found a staircase to the Ecumenical Temple.
  3913 | D:5      | Reached XP level 8. HP: 46/46 MP: 10/13
  4019 | D:5      | Reached skill level 1 in Armour
  4136 | D:5      | Reached skill level 8 in Earth Magic
  4773 | D:5      | Learned a level 4 spell: Animate Armour
  4826 | D:6      | Noticed Prince Ribbit
  4836 | D:6      | Killed Prince Ribbit
  4863 | D:6      | Found Ame Tila's Book Shop.
  4864 | D:6      | Found Egifryupsye's Book Emporium.
  4867 | D:6      | Reached skill level 1 in Alchemy
  4879 | D:6      | HP: 1/48 [wight/+0 falchion (9)]
  4880 | D:6      | Noticed a nameless horror
  5104 | D:6      | Killed a nameless horror
  5120 | D:6      | Reached skill level 5 in Fighting
  5120 | D:6      | Reached XP level 9. HP: 53/54 MP: 2/15
  5348 | D:6      | Found Zunap's Book Emporium.
  5441 | D:6      | Found a radiant altar of Vehumet.
  5522 | D:6      | Noticed Jeremiah
  5529 | D:6      | Killed Jeremiah
  5659 | D:6      | Found Keff's Assorted Antiques.
  5716 | D:6      | Found Giclotouf's Antique Armour Emporium.
  5919 | D:6      | Found a runed translucent door.
  5920 | D:6      | Noticed Crazy Yiuf
  5931 | D:6      | Killed Crazy Yiuf
  6138 | D:7      | Reached skill level 5 in Armour
  7032 | D:7      | Learned a level 4 spell: Petrify
  7310 | D:8      | Identified the +3 spear "Newtslayer" {holy, Will+ Dex+5}
  7353 | D:8      | Found a hazy altar of Hepliaklqana.
  7443 | D:8      | Noticed a hornet
  7454 | D:8      | Killed a hornet
  7455 | D:8      | Reached skill level 1 in Shields
  7455 | D:8      | Reached XP level 10. HP: 21/63 MP: 7/16
  7890 | D:8      | Found a broken altar of Ashenzari.
  8044 | D:8      | Found a shimmering blue altar of Sif Muna.
  8657 | D:9      | Found a flagged portal.
  8667 | Bailey   | Entered a bailey
  9040 | Bailey   | Noticed an orc knight
  9061 | Bailey   | Killed an orc knight
  9419 | D:9      | Found a snail-covered altar of Cheibriados.
  9510 | D:9      | Noticed a two-headed ogre
  9513 | D:9      | Noticed a death yak
  9518 | D:9      | Killed a two-headed ogre
  9519 | D:9      | Reached skill level 5 in Dodging
  9519 | D:9      | Reached skill level 5 in Spellcasting
  9519 | D:9      | Reached skill level 1 in Summonings
  9652 | D:10     | Entered Level 10 of the Dungeon
  9652 | D:10     | Found a blossoming altar of Fedhas.
  9653 | D:10     | Found a stormy altar of Qazlal.
  9672 | D:9      | Learned a level 5 spell: Lee's Rapid Deconstruction
  9854 | D:9      | Reached skill level 5 in Conjurations
  9916 | D:9      | Reached skill level 9 in Earth Magic
  9916 | D:9      | Reached XP level 11. HP: 68/68 MP: 3/19
 10737 | D:9      | Found an ancient bone altar of Kikubaaqudgha.
 10886 | D:9      | Killed a death yak
 11238 | D:9      | Learned a level 4 spell: Summon Lightning Spire
 11319 | D:10     | Found Qirgh's Antique Weapon Shop.
 11505 | D:10     | Noticed a death yak
 11506 | D:10     | Reached skill level 5 in Shields
 11531 | D:11     | Reached skill level 10 in Earth Magic
 11667 | D:11     | Found a staircase to the Orcish Mines.
 11678 | D:10     | Killed a death yak
 11792 | D:10     | Found a staircase to the Lair.
 11953 | D:10     | Found a white marble altar of Elyvilon.
 12389 | D:6      | Bought a manual of Shields for 880 gold pieces
 12468 | D:6      | Bought a thick glowing staff for 240 gold pieces
 12468 | D:6      | Bought a runed buckler for 150 gold pieces
 12468 | D:6      | Bought a scroll labelled TUYRACO ZEACLU for 20 gold pieces
 12533 | D:6      | Bought a pair of bloodstained boots for 218 gold pieces
 12533 | D:6      | Identified the +0 pair of boots of Wu Jian, Nurturing
                  | {rPois Will+} (You bought it in a shop on level 6 of the
                  | Dungeon)
 12664 | Lair:1   | Entered Level 1 of the Lair of Beasts
 12905 | Lair:1   | Reached skill level 1 in Ice Magic
 12992 | Lair:1   | Reached skill level 11 in Earth Magic
 12992 | Lair:1   | Reached XP level 12. HP: 35/73 MP: 7/21
 14318 | Lair:2   | Noticed a catoblepas
 14326 | Lair:2   | Killed a catoblepas
 14508 | Lair:2   | Reached skill level 1 in Air Magic
 14686 | Lair:2   | Noticed a catoblepas
 14692 | Lair:2   | Killed a catoblepas
 14780 | Lair:2   | Found a hole to the Spider Nest.
 14863 | Lair:2   | Noticed a six-headed hydra
 14871 | Lair:2   | Killed a six-headed hydra
 14872 | Lair:2   | Reached skill level 12 in Earth Magic
 14973 | Lair:2   | Noticed a death yak
 14973 | Lair:2   | Noticed a death yak
 14989 | Lair:2   | Noticed a death yak
 15003 | Lair:2   | Noticed a death yak
 15005 | Lair:2   | Killed a death yak
 15006 | Lair:2   | Reached skill level 5 in Summonings
 15008 | Lair:2   | Noticed a death yak
 15018 | Lair:2   | Found a staircase to the Swamp.
 15342 | Lair:2   | Killed a death yak
 15354 | Lair:2   | Killed a death yak
 15363 | Lair:2   | Killed a death yak
 15374 | Lair:2   | Killed a death yak
 15785 | Lair:2   | Reached skill level 13 in Earth Magic
 15923 | Lair:2   | Reached XP level 13. HP: 78/78 MP: 18/22
 16339 | Lair:3   | Noticed Nergalle
 16753 | Lair:3   | Reached skill level 14 in Earth Magic
 17022 | Lair:5   | Entered Level 5 of the Lair of Beasts
 17247 | Lair:5   | HP: 1/78 [cane toad (16)]
 17280 | Lair:5   | Killed from afar by a wind drake

Illustrated notes

Levels and vault maps discovered:
D:1:      spicycebolla_arrival_clurvy, layout_basic, minmay_tetromino_s2
D:2:      minmay_spotlight, layout_loops_corners, nicolae_ecumenical_pavilion,
          basic_altar, hangedman_decor_points
D:3:      layout_rooms, mainiacjoe_overflow_paths, serial_park_tiny_pond,
          uniq_natasha
D:4:      layout_basic, serial_shops, nicolae_shop_stone,
          biasface_ghost_orc_armoury, uniq_ijyb
D:5:      lemuel_ratsnest, layout_loops_ring, minmay_temple_entry_waves,
          serial_shops, nicolae_diamond_shop, minivault_26, hellmonk_no_cap
D:6:      layout_cave_pools, fiery_altar_vehumet, serial_shops,
          nicolae_inconvenience_store, shop, shop, shop,
          nicolae_shop_rolling_square, hangedman_abyss_or_decor_passed,
          uniq_crazy_yiuf_cottage, uniq_jeremiah, uniq_prince_ribbit1
D:7:      layout_loops_cross
D:8:      layout_basic, lemuel_crystal_altar, mainiacjoe_overflow_tiny_flanked,
          mainiacjoe_overflow_cross_hatched
D:9:      layout_irregular_city, cheibriados_altar_1,
          lemuel_zombie_altar_kikubaaqudgha, serial_ice, serial_ice_a,
          serial_ice_g, serial_ice_l, serial_ice_o, serial_ice_m, serial_ice_f,
          enter_bailey_3, hangedman_decor_riveting
D:10:     layout_cave_pools, grunt_temple_overflow_forces_of_nature,
          nicolae_elyvilon_temple_path, dpeg_lair_monsters, serial_shops, shop,
          lemuel_flame_loot_1
D:11:     layout_layer_cave, orc_0_dummy, uniq_amaemon
Lair:1:   layout_layer_cave, beast_lair_carwin_8
Lair:2:   layout_layer_cave, swamp_mist, nicolae_spider_entry_non_spiders,
          grunt_megastairs_4
Lair:3:   layout_misc_corridors, uniq_nergalle, uniq_snorg
Lair:4:   layout_layer_cave, nicolae_slime_entry_slimehenge, basic_altar
Lair:5:   gammafunk_lair_ancient_temple, layout_long_grid, serial_bayou,
          serial_bayou_lake_a, serial_bayou_pond_b, serial_bayou_lagoon_b

Skill      XL: |  1  2  3  4  5  6  7  8  9 10 11 12 13 |
---------------+----------------------------------------+-----
Earth Magic    | 4 5 6 7 8 9 11 13 14 | 14.0
Conjurations   | 2 3 4 5 6 |  6.8
Fighting       | 1 2 3 5 7 8 |  8.0
Dodging        | 2 3 4 5 6 |  6.0
Spellcasting   | 3 4 5 6 |  6.6
Armour         | 3 5 6 8 |  8.0
Alchemy        | 1 4 |  4.0
Shields        | 1 4 6 8 |  8.0
Summonings     | 2 4 5 6 |  6.6
Ice Magic      | 1 2 |  2.3
Air Magic      | 3 4 |  4.0
Stealth        | |  2.1

Action                     |  1- 3 |  4- 6 |  7- 9 | 10-12 | 13-15 || total
---------------------------+-------+-------+-------+-------+-------++-------
  Melee: Unarmed           |     1 |       |       |       |       ||     1
         Punch             |     1 |       |       |       |       ||     1
         Short sword       |     6 |     3 |    30 |    64 |     6 ||   109
         Mace              |     3 |       |       |       |       ||     3
   Cast: Sandblast         |    49 |    59 |   200 |   327 |    56 ||   691
         Stone Arrow       |       |       |     4 |    37 |    12 ||    53
         Animate Armour    |       |       |     1 |    24 |    17 ||    42
         Summon Lightning  |       |       |       |     1 |       ||     1
 Invoke: Potion Petition   |       |       |     1 |       |       ||     1
  Evoke: Wand              |       |       |       |     7 |       ||     7
    Use: Scroll            |       |       |     1 |    19 |     6 ||    26
         Potion            |       |       |       |    10 |     5 ||    15
   Stab: Distracted        |       |       |     2 |       |       ||     2
         Invisible         |       |       |       |     1 |       ||     1
 Armour: Robe              |    17 |    14 |    21 |       |       ||    52
         Leather armour    |       |       |    95 |   130 |       ||   225
         Scale mail        |       |       |       |    81 |   125 ||   206
  Dodge: Dodged            |    14 |    16 |   116 |   144 |    40 ||   330
  Block: Buckler           |       |       |       |    78 |    45 ||   123

Table legend: (Time is in decaauts)
 A = Elapsed time spent in this place.
 B = Non-inter-level travel time spent in this place.
 C = Inter-level travel time spent in this place.
 D = Time resting spent in this place.
 E = Time spent auto-exploring this place.
 F = Levels seen in this place.
 G = Mean time per level.
                   A        B        C        D        E       F      G
               +--------+--------+--------+--------+--------+-----+--------+
         Total |  17590 |  16519 |   1071 |   2840 |  10219 |  17 | 1034.7 |
       Dungeon |  12182 |  11253 |    929 |   1677 |   7338 |  11 | 1107.5 |
          Lair |   4700 |   4559 |    141 |    831 |   2776 |   5 |  940.0 |
        Bailey |    707 |    707 |      0 |    331 |    105 |   1 |  707.0 |
               +--------+--------+--------+--------+--------+-----+--------+

Top non-repeatable levels by time:
  Lair:2: 2360 daAuts
     D:9: 1954 daAuts
  Lair:1: 1682 daAuts
     D:8: 1672 daAuts
     D:5: 1513 daAuts
     D:4: 1224 daAuts
     D:6: 1147 daAuts
     D:1: 1125 daAuts
     D:7: 1099 daAuts
    D:10: 980 daAuts
     D:3: 708 daAuts
  Bailey: 707 daAuts
     D:2: 603 daAuts
  Lair:3: 290 daAuts
  Lair:4: 244 daAuts
